 Dungeon Crawl Stone Soup version 0.31.0-11-ge490571c62 (webtiles) character file.

Game seed: 2731052940280706538

1007 hawla the Conjurer (level 8, -2/41 HPs)
             Began as a Deep Elf Fire Elementalist on Jan 31, 2024.
             Was an Initiate of Vehumet.
             Slain by a steam dragon (4 damage)
             ... on level 6 of the Dungeon.
             The game lasted 00:12:58 (5602 turns).

hawla the Conjurer (Deep Elf Fire Elementalist)     Turns: 5602, Time: 00:12:59

Health: -2/41      AC:  5    Str:  4 (5)  XL:     8   Next: 0%
Magic:  6/16       EV: 13    Int: 23      God:    Vehumet [......]
Gold:   258        SH:  0    Dex: 19 (21) Spells: 5/15 levels left

rFire   . . .        b - staff of cold
rCold   + . .        (no shield)
rNeg    . . .        a - +0 robe
rPois   +            v - +0 helmet
rElec   .            q - scarf {repulsion}
rCorr   +            (no gloves)
SInv    +            (no boots)
Will    .....        (no amulet)
Stlth   ++           k - ring "Fouqynef" {rPois rCorr Dex+6 Slay+3}
HPRegen 0.26/turn    m - ring of see invisible
MPRegen 0.15/turn

%: repel missiles
@: no status effects
A: iridescent scales 1
a: Renounce Religion


You were on level 6 of the Dungeon.
You worshipped Vehumet.
Vehumet was noncommittal.
You visited 2 branches of the dungeon, and saw 7 of its levels.

You collected 258 gold pieces.

Inventory:

Armour
 a - a +0 robe (worn)
 q - a scarf of repulsion (worn)
 v - a +0 helmet (worn)
Magical Staves
 b - a staff of cold (weapon)
 s - a staff of air
Jewellery
 c - a ring of protection from cold
 k - the ring "Fouqynef" (left hand) {rPois rCorr Dex+6 Slay+3}
   (You acquired it on level 4 of the Dungeon)

   [ring of dexterity]

   Dex+6:     It affects your dexterity (+6).
   Slay+3:    It affects your accuracy & damage with ranged weapons and melee
   (+3).
   rPois:     It protects you from poison rCorr: It protects you from acid and
   corrosion.
 m - a ring of see invisible (right hand)
Wands
 r - a wand of charming (11)
Scrolls
 l - a scroll of amnesia
 u - a scroll of teleportation
Potions
 d - 3 potions of might
 e - a potion of invisibility
 h - a potion of ambrosia
 i - 2 potions of degeneration
 j - 2 potions of enlightenment
 o - a potion of lignification
 p - a potion of resistance {unknown}
 t - a potion of haste {unknown}


   Skills:
 + Level 3.8 Staves
 - Level 2.4 Dodging
 - Level 2.4 Stealth
 - Level 4.0 Spellcasting
 - Level 7.0 Conjurations
 - Level 4.0 Fire Magic
 - Level 3.0 Ice Magic
 - Level 1.0 Air Magic
 - Level 3.0 Evocations


You had 5 spell levels left.
You knew the following spells:

 Your Spells              Type           Power      Damage    Failure   Level
a - Foxfire               Conj/Fire      100%       2x1d9     1%          1
b - Scorch                Fire           46%        2d6       3%          2
c - Flame Wave            Conj/Fire      29%        2d9       11%         4
d - Hailstorm             Conj/Ice       41%        3d9       4%          3

Your spell library contained the following spells:

 Spells                   Type           Power      Damage    Failure   Level
 Freeze                   Ice            100%       1d10      3%          1
 Dazzling Flash           Conj/Hex       40%        N/A       8%          3
 Ensorcelled Hibernation  Hex/Ice        34%        N/A       9%          2
 Frozen Ramparts          Ice            54%        1d9       9%          3
 Mephitic Cloud           Conj/Alch/Air  16%        N/A       11%         3
 Inner Flame              Hex/Fire       13%        N/A       14%         3
 Volatile Blastmotes      Fire/Tloc      26%        2d12      14%         3
 Call Imp                 Summ           8%         N/A       16%         2
 Sublimation of Blood     Necr           4%         N/A       16%         2
 Swiftness                Air            9%         N/A       21%         3
 Passwall                 Erth           4%         N/A       30%         3
 Silence                  Hex/Air        3%         N/A       93%         5
 Curse of Agony           Necr           4%         N/A       96%         5
 Summon Cactus Giant      Summ           2%         N/A       100%        6
 Summon Hydra             Summ           2%         N/A       100%        7


Dungeon Overview and Level Annotations

Branches:
Dungeon (6/15)             Temple (1/1) D:6

Altars:
Ashenzari
Cheibriados
Elyvilon
Fedhas
Gozag
Makhleb
Nemelex Xobeh
Okawaru
Qazlal
Ru
Sif Muna
Trog
Uskayaw
Vehumet
Wu Jian
Xom
Zin

Shops:
D:2 (


Innate Abilities, Weirdness & Mutations

You are partially covered in iridescent scales. (AC +2)


Message History

Confirm with . or Enter, or press ? or * to list all spells.
Flames lash the steam dragon but do no damage.
The steam dragon bites you. The steam dragon closely misses you.
Casting: Scorch (safe; 3% risk of failure)
Confirm with . or Enter, or press ? or * to list all spells.
Flames lash the steam dragon.
The steam dragon is lightly wounded.
The steam dragon's fire resistance burns away.
The steam dragon breathes steam at you. The ball of steam hits you!
Casting: Scorch (safe; 3% risk of failure)
Confirm with . or Enter, or press ? or * to list all spells.
Flames lash the steam dragon but do no damage.
You are engulfed in a cloud of scalding steam.
The steam dragon bites you. The steam dragon closely misses you.
The steam dragon is no longer more vulnerable to fire.
Casting: Scorch (safe; 3% risk of failure)
Confirm with . or Enter, or press ? or * to list all spells.
Okay, then.
Casting: Flame Wave (quite dangerous; 11% risk of failure)
Confirm with . or Enter, or press ? or * to list all spells.
Casting: Flame Wave (quite dangerous; 11% risk of failure)
Press: ? - help, Dir - look around, f - activate A wave of flame ripples out!
The flame wave engulfs the steam dragon!
The steam dragon is moderately wounded. (Press . to intensify the flame waves.)
The steam dragon closely misses you. x2
A wave of flame ripples out!
The flame wave engulfs the steam dragon!
The steam dragon is heavily wounded.
The steam dragon breathes steam at you. The ball of steam hits you!!
* * * LOW HITPOINT WARNING * * *
Unknown command.
You feel better.
You are engulfed in a cloud of scalding steam.
* * * LOW HITPOINT WARNING * * *
The steam dragon bites you.
You die...

##...## ..# ##.....##
#.### ##.......##
#.#.##
#.........###....####
+.........+ .........
#.........# #....#
#.......# #.#
##.....## #D# ##...##
#@#### ##'## #§...#
#.# ####.# ########.#
#.# .......#.#######
#.# ######.........##
#.# ...#######......#
#.# ####⌠...⌠######.#
#.#
...#.....#...##.###.#


You could see a steam dragon (catching breath).

Vanquished Creatures
  A centaur (D:5)
  An ogre (D:4)
  2 phantoms (D:5)
  A bullfrog (D:4)
  A scorpion (D:4)
  2 howler monkeys (D:5)
  A bombardier beetle (D:4)
  2 jellies (D:4)
  3 orc priests
  3 iguanas
  An orc wizard (D:6)
  6 gnolls
  5 adders
  3 dart slugs
  18 orcs
  9 ball pythons
  5 bats
  10 endoplasms
  3 giant cockroaches
  8 goblins
  11 hobgoblins
  4 quokkas
  3 frilled lizards
  5 kobolds
  3 rats
111 creatures vanquished.

Vanquished Creatures (others)
  224 foxfires
224 creatures vanquished.

Grand Total: 335 creatures vanquished

Notes
Turn   | Place    | Note
-------+----------+-------------------------------------------
     0 | D:1      | hawla the Deep Elf Fire Elementalist began the quest for
                  | the Orb.
     0 | D:1      | Reached XP level 1. HP: 10/10 MP: 6/6
   377 | D:1      | Reached skill level 2 in Conjurations
   472 | D:1      | Reached XP level 2. HP: 15/15 MP: 5/8
   719 | D:1      | Reached skill level 3 in Conjurations
   828 | D:1      | Reached XP level 3. HP: 19/19 MP: 5/9
  1344 | D:2      | Learned a level 2 spell: Scorch
  1368 | D:2      | Found Wabahe's Weapon Emporium.
  1754 | D:3      | Reached skill level 4 in Conjurations
  2005 | D:3      | Reached XP level 4. HP: 15/24 MP: 6/10
  2182 | D:3      | Reached skill level 5 in Conjurations
  2295 | D:3      | Reached XP level 5. HP: 28/28 MP: 6/11
  2300 | D:3      | Learned a level 4 spell: Flame Wave
  3191 | D:4      | Identified a scroll of acquirement
  3191 | D:4      | Acquired the ring "Fouqynef" {rPois rCorr Dex+6 Slay+3}
  3410 | D:4      | Reached skill level 6 in Conjurations
  3557 | D:4      | Noticed an ogre
  3565 | D:4      | Killed an ogre
  3566 | D:4      | Reached skill level 1 in Evocations
  3566 | D:4      | Reached XP level 6. HP: 32/32 MP: 8/14
  3696 | D:4      | Gained mutation: You are frail. (-10% HP) [potion of
                  | mutation]
  3696 | D:4      | Gained mutation: You are partially covered in iridescent
                  | scales. (AC +2) [potion of mutation]
  3696 | D:4      | Lost mutation: You are frail. (-10% HP) [potion of
                  | mutation]
  3742 | D:4      | Learned a level 3 spell: Hailstorm
  4088 | D:4      | Found a shimmering blue altar of Sif Muna.
  4432 | D:5      | Entered Level 5 of the Dungeon
  4439 | D:5      | Reached skill level 7 in Conjurations
  4439 | D:5      | Reached skill level 1 in Ice Magic
  4439 | D:5      | Reached XP level 7. HP: 21/36 MP: 5/15
  4618 | D:5      | Found a snail-covered altar of Cheibriados.
  4799 | D:5      | Reached skill level 1 in Air Magic
  4799 | D:5      | Reached skill level 1 in Staves
  5341 | D:6      | Reached XP level 8. HP: 34/41 MP: 9/16
  5486 | D:6      | Found a staircase to the Ecumenical Temple.
  5550 | Temple   | Entered the Ecumenical Temple
  5557 | Temple   | Became a worshipper of Vehumet
  5601 | D:6      | HP: 1/41 [steam dragon/ball of steam (18)]
  5602 | D:6      | Slain by a steam dragon

Illustrated notes

Levels and vault maps discovered:
D:1:      dpeg_arrival_lava_temple_mockup, layout_basic, kennysheep_boxes
D:2:      layout_rooms, serial_shops, nicolae_shop_stone, minmay_tripent
D:3:      layout_basic
D:4:      layout_loops_ring, marbit_many_paths, minmay_vboxes
D:5:      layout_rooms, kennysheep_slug_shrine, kennysheep_donut,
          hangedman_abyss_or_decor_lesser_grid, minmay_misc_feat_rugged
D:6:      layout_loops_corners, nicolae_dithmenos_shadow_blocks,
          minmay_temple_entry_antechambers, serial_shops,
          nicolae_shop_peninsula, nicolae_shop_mannequins, uniq_jeremiah
Temple:   eino_wide_crystal_templ

Skill      XL: |  1  2  3  4  5  6  7 |
---------------+----------------------+-----
Conjurations   | 2 3 4 5 6 7 |  7.0
Spellcasting   | 4 |  4.0
Fire Magic     | 4 |  4.0
Evocations     | 1 3 |  3.0
Ice Magic      | 1 3 |  3.0
Air Magic      | 1 |  1.0
Staves         | 3 |  3.8
Dodging        | |  2.4
Stealth        | |  2.4

Action                     |  1- 3 |  4- 6 |  7- 9 || total
---------------------------+-------+-------+-------++-------
  Melee: Unarmed           |     6 |     2 |       ||     8
         Staff             |       |    15 |     9 ||    24
         Punch             |       |       |     1 ||     1
   Cast: Foxfire           |    56 |    61 |    21 ||   138
         Scorch            |       |    36 |    15 ||    51
         Flame Wave        |       |     2 |     3 ||     5
         Hailstorm         |       |       |     2 ||     2
    Use: Potion            |       |     7 |     1 ||     8
         Scroll            |       |     4 |     4 ||     8
 Armour: Robe              |     5 |    28 |    27 ||    60
  Dodge: Dodged            |     8 |    25 |    31 ||    64
